 Dungeon Crawl Stone Soup version 0.32-a0-871-ge202e49faa (webtiles) character file.

Game seed: 123939578461127299

323 mopl the Ruffian (level 6, -4/40 (41) HPs)
             Began as an Octopode Shapeshifter on Mar 29, 2024.
             Slain by a wight
             ... wielding a +0 dagger
              (9 damage)
             ... on level 5 of the Dungeon.
             The game lasted 00:01:56 (1463 turns).

mopl the Ruffian (Octopode Shapeshifter)            Turns: 1463, Time: 00:01:57

HP:   -4/40 (41)    AC:  1    Str: 14    XL:     6   Next: 47%
MP:   6/6           EV: 12    Int: 12    God:
Gold: 141           SH:  0    Dex: 13    Spells: 5/5 levels left

rFire   . .          .
                       - Unarmed
rCold   . . .        (no shield)
rNeg    . . .        (helmet currently unavailable)
rPois   .            (no amulet)
rElec   .            j - ring of see invisible
rCorr   .            (no ring)
SInv    +            (no ring)
Will    .....        (no ring)
Stlth   ++           (no ring)
HPRegen 0.26/turn    (no ring)
MPRegen 0.10/turn    (no ring)
                     (no ring)

%: no passive effects
@: beast-form, lightly drained
A: beast (slay +2), almost no armour, amphibious, 8 rings, camouflage 1,
gelatinous body 1, (nimble swimmer 1), tentacles
a: Begin Untransformation


You were on level 5 of the Dungeon.
You were a hulking beast.
You visited 2 branches of the dungeon, and saw 5 of its levels.

You collected 141 gold pieces.

Inventory:

Hand Weapons
 b - the +10 sling of Disorder {flame, rPois}
   (You found it on level 2 of the Dungeon)

   rPois:     It protects you from poison.
Jewellery
 i - a ring of ice
 j - a ring of see invisible (left tentacle)
Talismans
 c - a flux talisman
 o - a blade talisman
 r - a beast talisman (active)
Wands
 s - a wand of charming (9)
Scrolls
 e - a scroll of fear {unknown}
 f - a scroll of torment {unknown}
 g - a scroll of identify {unknown}
 h - 2 scrolls of teleportation {unknown}
 l - a scroll of noise {unknown}
 m - a scroll of fog {unknown}
Potions
 a - a potion of lignification {!q}
 d - 2 potions of heal wounds {unknown}
 k - a potion of curing {unknown}
 n - a potion of enlightenment {unknown}
 p - a potion of haste {unknown}
 q - a potion of brilliance {unknown}


   Skills:
 + Level 2.5 Fighting
 + Level 3.0 Dodging
 * Level 4.8 Unarmed Combat
 * Level 4.5 Shapeshifting


You had 5 spell levels left.
You didn't know any spells.
Your spell library contained the following spells:

 Spells                   Type           Power      Damage    Failure   Level
 Inner Flame              Hex/Fire       0%         N/A       69%         3
 Irradiate                Conj/Alch      0%         3d11      100%        5
 Ignition                 Fire           0%         3d3       100%        8


Dungeon Overview and Level Annotations

Branches:
Dungeon (5/15)             Temple (1/1) D:5

Altars:
Ashenzari
Cheibriados
Dithmenos
Hepliaklqana
Kikubaaqudgha
Makhleb
Okawaru
Qazlal
Ru
Sif Muna
Trog
Vehumet
Xom
The Shining One

Shops:
D:5 [


Innate Abilities, Weirdness & Mutations

You are a hulking beast.
Your limbs bulge with bestial killing power. (Slay +2)
You cannot wear most types of armour.
You are amphibious.
You can wear up to eight rings at the same time.
Your skin changes colour to match your surroundings (Stealth+).
Your rubbery body absorbs attacks. (AC +1, EV +1)
((You are camouflaged when in or above water. (Stealth+)))
You have tentacles for arms and can constrict up to eight enemies at once.


Message History

You are too injured to fight recklessly!
Fire: b) +10 sling of Disorder {flame, rPois}
Press: ? - help, Q - select action, (/) - cycle Shift-Dir - straight line, f - wight
Aim: a wight, wielding a +0 dagger and wearing a +0 robe (69% to hit)
You shoot a sling bullet.
The sling bullet hits the wight but does no damage.
Unknown command.
Fire: b) +10 sling of Disorder {flame, rPois}
Press: ? - help, Q - select action, (/) - cycle Shift-Dir - straight line, f/p - wight
Aim: a wight, wielding a +0 dagger and wearing a +0 robe (69% to hit)
You shoot a sling bullet.
The sling bullet barely misses the wight.
Unknown command.
Fire: b) +10 sling of Disorder {flame, rPois}
Press: ? - help, Q - select action, (/) - cycle Shift-Dir - straight line, f/p - wight
Aim: a wight, wielding a +0 dagger and wearing a +0 robe (69% to hit)
You shoot a sling bullet.
The sling bullet closely misses the wight.
Unknown command.
The +10 sling of Disorder {flame, rPois} stops flaming.
You are now empty-tentacled.
You barely miss the wight. You grab the wight. You constrict the wight.
The wight hits you with a +0 dagger.
You feel drained.
You completely miss the wight.
The wight is lightly damaged.
You constrict the wight. The wight hits you with a +0 dagger.
Unknown command.
Unknown command.
Unknown command.
You tentacle-slap the wight.
The wight is heavily damaged.
You constrict the wight. The wight hits you with a +0 dagger.
You tentacle-slap the wight but do no damage.
The wight is severely damaged.
You constrict the wight. The wight hits you with a +0 dagger!
* * * LOW HITPOINT WARNING * * *
You tentacle-slap the wight but do no damage.
The wight is severely damaged.
You constrict the wight. The wight hits you with a +0 dagger!
You die...

.#.#.#..ß.>.ß....
#######.#.#.#...⌠.⌠.....
..
.......#.#.#..ß.ß.ß....
..^
#....##.#.#...........
....#
+....##.#.#.####......
....).#....##.#.#.#
#######
.......)?..##.ß.ß.#
....##......#..∩..#
#..... . +....zh..ß.ß.#
#..... #......###.#.#
#..... #.†.....##.#.#
#..... #..........#.#
###..... #......###.#..
.'.....
#........##'#######.....
#........#..............
#.......?#....#####.....
#........#.....


You could see a wight.

Vanquished Creatures
  An ogre (D:5)
  2 wights (D:5)
  A hound (D:5)
  5 adders
  A white imp (D:5)
  5 bats
  5 endoplasms
  4 goblins
  3 hobgoblins
  4 jackals (D:2)
  2 quokkas (D:1)
  7 ball pythons
  6 frilled lizards
  A kobold (D:1)
  2 rats (D:2)
49 creatures vanquished.

Notes
Turn   | Place    | Note
-------+----------+-------------------------------------------
     0 | D:1      | mopl the Octopode Shapeshifter began the quest for the Orb.
     0 | D:1      | Reached XP level 1. HP: 13/13 MP: 1/1
   110 | D:1      | Reached XP level 2. HP: 18/18 MP: 2/2
   744 | D:2      | Reached XP level 3. HP: 23/23 MP: 3/3
   985 | D:2      | Reached XP level 4. HP: 21/28 MP: 4/4
  1104 | D:2      | Identified the +10 sling of Disorder {flame, rPois}
  1295 | D:3      | You fall into a shaft and drop 2 floors!
  1295 | D:5      | Entered Level 5 of the Dungeon
  1343 | D:5      | Noticed an ogre
  1350 | D:5      | Killed an ogre
  1351 | D:5      | Reached skill level 2 in Fighting
  1351 | D:5      | Reached skill level 4 in Unarmed Combat
  1351 | D:5      | Reached skill level 4 in Shapeshifting
  1351 | D:5      | Reached XP level 5. HP: 34/34 MP: 5/5
  1391 | D:5      | Found Keics's Antique Armour Emporium.
  1398 | D:5      | Found a staircase to the Ecumenical Temple.
  1415 | Temple   | Entered the Ecumenical Temple
  1435 | D:5      | Reached XP level 6. HP: 41/41 MP: 6/6
  1449 | D:5      | Reached skill level 3 in Dodging
  1463 | D:5      | Slain by a wight

Illustrated notes

Levels and vault maps discovered:
D:1:      scummos_arrival_hexagon, layout_loops_cross, st_stairs_6
D:2:      layout_loops_cross, chequers_serial_rivers_micro_b,
          chequers_serial_rivers_marsh, st_stairs_2
D:3:      layout_loops_corners
D:5:      layout_basic, minmay_temple_entry_statues_fountains, serial_shops,
          nicolae_stop_n_shop_1, nicolae_shop_tiny_statue_garden,
          nicolae_shop_statue_plus, shop, shop, minmay_crystal_room,
          uniq_menkaure, uniq_pikel
Temple:   dpeg_chambers_temple

Skill      XL: |  1  2  3  4  5  6 |
---------------+-------------------+-----
Fighting       | 2 |  2.5
Unarmed Combat | 4 |  4.8
Shapeshifting  | 4 |  4.5
Dodging        | 3 |  3.0

Action                     |  1- 3 |  4- 6 || total
---------------------------+-------+-------++-------
  Melee: Unarmed           |    55 |    20 ||    75
         Constrict         |    19 |     4 ||    23
         Tentacles         |    11 |     5 ||    16
   Fire: Sling             |       |    20 ||    20
   Stab: Sleeping          |     5 |     1 ||     6
 Armour: Skin              |    15 |    12 ||    27
  Dodge: Dodged            |    27 |     8 ||    35

Table legend: (Time is in decaauts)
 A = Elapsed time spent in this place.
 B = Non-inter-level travel time spent in this place.
 C = Inter-level travel time spent in this place.
 D = Time resting spent in this place.
 E = Time spent auto-exploring this place.
 F = Levels seen in this place.
 G = Mean time per level.
                   A        B        C        D        E       F      G
               +--------+--------+--------+--------+--------+-----+--------+
         Total |   1463 |   1437 |     26 |      0 |   1141 |   5 |  292.6 |
       Dungeon |   1461 |   1435 |     26 |      0 |   1141 |   4 |  365.2 |
        Temple |      1 |      1 |      0 |      0 |      0 |   1 |    1.0 |
               +--------+--------+--------+--------+--------+-----+--------+

Top non-repeatable levels by time:
     D:1: 676 daAuts
     D:2: 574 daAuts
     D:5: 171 daAuts
     D:3: 38 daAuts
  Temple: 1 daAuts
